 Dungeon Crawl Stone Soup version 0.23.1-37-gaa34b87 (webtiles) character file.

Game seed: 6336942316335553715

59909 Kairos the Severer (level 14, 0/132 HPs)
             Began as a Hill Orc Fighter on Mar 27, 2019.
             Was the Champion of Okawaru.
             Killed from afar by an ancient lich (37 damage)
             ... with a crystal spear
             ... on level 2 of the Abyss.
             The game lasted 00:45:17 (15322 turns).

Kairos the Severer (Hill Orc Fighter)              Turns: 15322, Time: 00:45:17

Health: 0/132      AC: 26    Str: 23 (24) XL:     14   Next: 97%
Magic:  10/17      EV: 13    Int: 12      God:    Okawaru [******]
Gold:   1293       SH: 35    Dex: 13      Spells: 13/13 levels left

rFire    . . .     SeeInvis .   a - +6 war axe
rCold    . . .     Gourm    .   r - +8 large shield of the Final Eyes {Int+4}
rNeg     . . .     Faith    .   n - +6 chain mail
rPois    .         Spirit   .   k - +0 helmet
rElec    .         Reflect  +   w - +2 cloak
rCorr    .         Harm     .   c - +2 pair of gloves {Dex+3}
MR       +....                  (no boots)
Stlth    +.........             s - +4 amulet of reflection
HPRegen  0.32/turn              D - ring of stealth
MPRegen  0.15/turn              l - +1 ring of evasion

@: heroism, finesse, drained
A: hooves 1, iridescent scales 1, [deformed body], [deterioration 2]
a: Heroism, Finesse, Renounce Religion


You were on level 2 of the Abyss.
You worshipped Okawaru.
Okawaru was exalted by your worship.
You were not hungry.

You visited 2 branches of the dungeon, and saw 16 of its levels.
You visited the Abyss 1 time.

You collected 1293 gold pieces.

Inventory:

Hand Weapons
 a - a +6 war axe (weapon)
 x - a +5 flail of draining
 y - a +1 flail of crushing
Missiles
 b - 3 steel tomahawks
 u - 17 tomahawks
 Q - 4 throwing nets
 X - 5 poisoned tomahawks (quivered)
 Y - 2 javelins of penetration
Armour
 c - a +2 pair of gloves of dexterity (worn)
 k - a +0 helmet (worn)
 n - a +6 chain mail (worn)
 r - the +8 large shield of the Final Eyes (worn) {Int+4}
   (Okawaru gifted it to you on level 6 of the Lair of Beasts)

   It affects your intelligence (+4).
 w - a +2 cloak (worn)
 B - a +1 chain mail of cold resistance
 H - a scarf of resistance
Magical Staves
 W - an uncursed staff of earth
Jewellery
 l - a +1 ring of evasion (right hand)
 m - an uncursed ring of wizardry
 s - a +4 amulet of reflection (around neck)
 D - a ring of stealth (left hand)
Wands
 o - a wand of flame (74)
 t - a wand of iceblast (29)
 G - a wand of acid (10)
 I - a wand of random effects (46)
Scrolls
 e - 4 scrolls of amnesia
 g - 3 scrolls of teleportation
 h - 9 scrolls of remove curse
 i - 6 scrolls of fog
 v - a scroll of fear
 A - a scroll of brand weapon
 E - 2 scrolls of identify
 F - a scroll of vulnerability {unknown}
 J - a scroll of acquirement
 L - 2 scrolls of holy word
 P - a scroll of enchant weapon
 R - a scroll of blinking
 U - 2 scrolls of immolation
 V - a scroll of magic mapping
Potions
 d - 2 potions of might
 j - 6 potions of lignification
 p - 3 potions of berserk rage
 q - a potion of haste
 z - 8 potions of curing
 C - 2 potions of agility
 M - 2 potions of heal wounds
 N - a potion of flight
 O - a potion of magic {unknown}
 S - 3 potions of cancellation
 T - a potion of invisibility
Miscellaneous
 K - a lamp of fire
Comestibles
 f - 36 rations


   Skills:
 + Level 14.0(17.6) Fighting
 + Level 18.1(21.8) Axes
 + Level 4.0(14.9) Maces & Flails
 + Level 2.0(5.9) Throwing
 + Level 10.6(14.3) Armour
 + Level 3.9(7.8) Dodging
 + Level 1.1(5.0) Stealth
 + Level 17.2(20.7) Shields
 + Level 4.2(3.2) Invocations
 + Level 0.2(0.0) Evocations


You had 13 spell levels left.
You didn't know any spells.
Your spell library contained the following spells:

 Spells                   Type           Power        Failure   Level  Hunger
 Beastly Appendage        Tmut           #.....       95%         1    ##.....
 Confusing Touch          Hex            #.....       95%         1    ##.....
 Corona                   Hex            #......      95%         1    ##.....
 Freeze                   Ice            #...         95%         1    ##.....
 Magic Dart               Conj           #...         95%         1    ##.....
 Corpse Rot               Necr           N/A          98%         2    ###....
 Ensorcelled Hibernation  Hex/Ice        #.....       98%         2    ###....
 Searing Ray              Conj           #.....       98%         2    ###....
 Sticks to Snakes         Tmut           #.......     98%         2    ###....
 Throw Frost              Conj/Ice       #.....       98%         2    ###....
 Confuse                  Hex            #.......     100%        3    ####...
 Dazzling Spray           Conj/Hex       #.....       100%        3    ####...
 Gell's Gravitas          Tloc           #.........   100%        3    ####...
 Ozocubu's Armour         Chrm/Ice       #.......     100%        3    ####...
 Spider Form              Tmut/Pois      #.........   100%        3    ####...
 Stone Arrow              Conj/Erth      #.....       100%        3    ####...
 Tukima's Dance           Hex            #.......     100%        3    ####...
 Cause Fear               Hex            #.........   100%        4    #####..
 Force Lance              Conj/Tloc      #.......     100%        4    #####..
 Fulminant Prism          Conj/Hex       #.........   100%        4    #####..
 Ice Form                 Ice/Tmut       #.......     100%        4    #####..
 Iskenderun's Mystic Bla  Conj           #.......     100%        4    #####..
 Leda's Liquefaction      Hex/Erth       #.........   100%        4    #####..
 Petrify                  Tmut/Erth      #.......     100%        4    #####..
 Summon Ice Beast         Ice/Summ       #.......     100%        4    #####..
 Summon Lightning Spire   Summ/Air       #.......     100%        4    #####..
 Throw Icicle             Conj/Ice       #.......     100%        4    #####..
 Blade Hands              Tmut           #.........   100%        5    ######.
 Metabolic Englaciation   Hex/Ice        #.........   100%        5    ######.
 Silence                  Hex/Air        #.........   100%        5    ######.
 Summon Forest            Summ/Tloc      #.........   100%        5    ######.
 Yara's Violent Unravell  Hex/Tmut       #.........   100%        5    ######.
 Conjure Ball Lightning   Conj/Air       #.........   100%        6    #######
 Deflect Missiles         Chrm/Air       #.........   100%        6    #######
 Hydra Form               Tmut           #.........   100%        6    #######
 Summon Hydra             Summ           #.........   100%        7    #######
 Discord                  Hex            #.........   100%        8    #######
 Tornado                  Air            #.........   100%        9    #######


Dungeon Overview and Level Annotations

Branches:
Dungeon (10/15)            Temple (0/1) D:7            Lair (6/6) D:10
 Shoals (0/4) Lair:3       Spider (0/4) Lair:4        Slime (0/5) Lair:6
    Orc (0/2) D:10

Altars:
Dithmenos
Fedhas
Gozag
Hepliaklqana
Okawaru
Qazlal
Ru
Uskayaw
Yredelemnul
Jiyva

Shops:
D:4 %

Annotations:
Lair:2 exclusion: oklob plant


Innate Abilities, Weirdness & Mutations

You have large cloven feet.
You are partially covered in iridescent scales. (AC +2)
[Armour fits poorly on your strangely shaped body.]
[Your body often deteriorates upon taking damage.]


Message History

The ancient lich shouts!
The lurking horror explodes!
Your body is wracked with pain!
Found 3 scrolls of fear.
A spatial maelstrom comes into view.
A spatial vortex comes into view.
You gain the combat prowess of a mighty hero.
The ancient lich gestures at you while chanting.
The bolt of acid hits you!!
Your body deteriorates!
You feel weakened.
You are splashed with acid!
* * * LOW HITPOINT WARNING * * *
Unknown command.
Wield which item (- for none, * to show all)? (? for menu, Esc to quit)
Okay, then.
You can now deal lightning-fast blows.
You block the spatial maelstrom's attack. x2
The ancient lich points at you and mumbles some strange words.
The crystal spear hits you!!!
You die...

..#.# # ##.... .. ..
. .#.#. # . .. ##
###.... #....# ##.
##...#.. . . .
....#.## # . ..##
#...
.......#.####.#...#
. ........#..###.##
. #.#
#.?..#..#...###. . .
.......v#.#....##
.#..##..@.L...#...#
#....#........#.#..#
#.###.#.####....#..
.. . ...#. .#..##...
.#.. . ..#.#. . .#
..ยง.. .# .....# .#.
#..#.. #... .... ##
.#... .


You could see an ancient lich and a spatial maelstrom.

Vanquished Creatures
  The ghost of fly the Carver, a journeyman DsSk of Uskayaw (Lair:6)
  Snorg (D:10)
  The ghost of Jeban the Spear-Bearer, a journeyman OpFi of Gozag (Lair:5)
  8 hydras
  Harold (Lair:1)
  A two-headed ogre (D:10)
  A catoblepas (Lair:4)
  10 death yaks
  Sonja (Lair:1)
  The ghost of DungeonDestroyer the Cleaver, a novice MiFi of Okawaru (D:7)
  A wretched star (Abyss:2)
  17 elephants
  A black mamba (Lair:5)
  A merfolk siren (Lair:3)
  27 spiny frogs
  6 komodo dragons
  2 rime drakes
  4 jumping spiders (Lair:4)
  2 polar bears
  2 hornets
  5 tyrant leeches (Lair:6)
  16 blink frogs
  6 hippogriffs
  Sigmund (D:6)
  2 spriggans (Lair:6)
  A redback (Lair:4)
  3 wyverns
  2 basilisks
  53 yaks
  A hungry ghost (D:9)
  6 vampire mosquitoes (Lair:6)
  8 water moccasins
  2 wargs (D:10)
  9 porcupines
  2 ice beasts
  6 sky beasts
  5 orc warriors
  3 black bears
  2 necrophages
  A boggart (Lair:6)
  A wolf (Lair:6)
  4 ogres
  5 centaurs
  10 crocodiles
  15 big kobolds
  18 bullfrogs
  4 scorpions
  2 electric eels
  2 bullfrog zombies
  2 centaur zombies
  5 crimson imps
  14 orc priests
  3 jellies (D:9)
  2 bullfrog skeletons
  Crazy Yiuf (D:5)
  3 iguanas
  2 centaur skeletons
  3 hounds
  Terence (D:2)
  Natasha (thrice) (D:2)
  11 orc wizards
  4 hell rats (Lair:3)
  9 worker ants
  2 hound zombies (D:10)
  A hound skeleton (D:8)
  A howler monkey zombie (D:8)
  7 gnolls
  9 adders
  A shadow imp (D:7)
  7 oozes
  4 adder zombies
  A worm (D:2)
  3 dart slugs
  3 leopard geckos
  35 orcs
  6 giant cockroaches
  8 goblins
  6 hobgoblins
  7 jackals
  7 quokkas
  2 ball pythons
  3 bats
  10 frilled lizards
  A jackal skeleton (D:5)
  26 kobolds
  2 quokka skeletons
  A quokka zombie (D:9)
  5 rats
  A bush (Lair:6)
  4 fungi
  4 plants
514 creatures vanquished.

Vanquished Creatures (others)
  An orc wizard (D:9)
  A kobold (D:9)
  24 fungi
  A lurking horror (Abyss:2)
  39 plants
66 creatures vanquished.

Grand Total: 580 creatures vanquished

Notes
Turn   | Place    | Note
-------+----------+-------------------------------------------
     0 | D:1      | Kairos the Hill Orc Fighter began the quest for the Orb.
     0 | D:1      | Reached XP level 1. HP: 19/19 MP: 1/1
   118 | D:1      | Reached XP level 2. HP: 25/27 MP: 2/2
   448 | D:1      | Gained mutation: You are partially covered in iridescent
                  | scales. (AC +2) [potion of mutation]
   448 | D:1      | Gained mutation: You have large cloven feet. [potion of
                  | mutation]
   526 | D:2      | Reached XP level 3. HP: 31/33 MP: 3/3
   592 | D:2      | Noticed Terence
   603 | D:2      | Killed Terence
   603 | D:2      | Reached skill level 3 in Axes
   669 | D:2      | Reached XP level 4. HP: 39/40 MP: 4/4
   966 | D:2      | Found an opulent altar of Gozag.
  1026 | D:2      | Noticed Natasha
  1033 | D:2      | Killed Natasha
  1098 | D:2      | Noticed Natasha
  1119 | D:2      | Killed Natasha
  1119 | D:2      | Reached skill level 4 in Axes
  1119 | D:2      | Reached XP level 5. HP: 13/47 MP: 5/5
  1519 | D:2      | Noticed Natasha
  1707 | D:2      | Killed Natasha
  1875 | D:3      | Found a hazy altar of Hepliaklqana.
  2525 | D:3      | Reached XP level 6. HP: 53/53 MP: 6/6
  2552 | D:4      | Reached skill level 5 in Axes
  2824 | D:4      | Found Yqoacw's Food Emporium.
  3039 | D:4      | Reached skill level 6 in Axes
  3243 | D:5      | Entered Level 5 of the Dungeon
  3254 | D:5      | Reached XP level 7. HP: 60/60 MP: 7/7
  3274 | D:5      | Reached skill level 5 in Fighting
  3274 | D:5      | Reached skill level 5 in Shields
  3288 | D:5      | Found an iron altar of Okawaru.
  3289 | D:5      | Found a shadowy altar of Dithmenos.
  3293 | D:5      | Found a hide-covered altar of Uskayaw.
  3293 | D:5      | Found a sacrificial altar of Ru.
  3297 | D:5      | Became a worshipper of Warmaster Okawaru
  3438 | D:5      | Reached skill level 7 in Axes
  3438 | D:5      | Reached skill level 5 in Armour
  3513 | D:5      | Noticed a hornet
  3516 | D:5      | Paralysed by a hornet for 3 turns
  3522 | D:5      | Killed a hornet
  3522 | D:5      | Reached * piety under Okawaru
  3522 | D:5      | Reached XP level 8. HP: 54/69 MP: 8/8
  3840 | D:5      | Found a runed translucent door.
  3841 | D:5      | Noticed Crazy Yiuf
  3861 | D:5      | Reached skill level 8 in Axes
  4109 | D:5      | Killed Crazy Yiuf
  4132 | D:5      | Found a basalt altar of Yredelemnul.
  4617 | D:6      | Noticed Sigmund
  4635 | D:6      | Killed Sigmund
  4635 | D:6      | Reached ** piety under Okawaru
  4635 | D:6      | Reached skill level 9 in Axes
  4635 | D:6      | Reached skill level 1 in Dodging
  4962 | D:6      | Reached XP level 9. HP: 76/78 MP: 9/9
  5070 | D:6      | Reached skill level 10 in Axes
  5539 | D:7      | Found a runed translucent gate.
  5539 | D:7      | Found a runed translucent gate.
  5539 | D:7      | Found a runed translucent gate.
  5539 | D:7      | Identified the +6 short sword of the Vaults {chaos, Str+2}
  5543 | D:7      | Noticed DungeonDestroyer's ghost (novice MiFi)
  5600 | D:7      | Reached *** piety under Okawaru
  5612 | D:7      | Reached skill level 11 in Axes
  5697 | D:7      | Found a staircase to the Ecumenical Temple.
  5768 | D:7      | Found a stormy altar of Qazlal.
  5847 | D:7      | Reached skill level 12 in Axes
  6386 | D:7      | Reached XP level 10. HP: 86/86 MP: 10/10
  6392 | D:7      | Reached **** piety under Okawaru
  6407 | D:7      | Killed DungeonDestroyer's ghost
  6418 | D:7      | Reached skill level 13 in Axes
  6830 | D:8      | Reached ***** piety under Okawaru
  7662 | D:9      | Received a gift from Okawaru
  7807 | D:9      | Reached XP level 11. HP: 80/97 MP: 11/11
  7908 | D:9      | Reached skill level 14 in Axes
  7971 | D:9      | Reached skill level 1 in Invocations
  8236 | D:10     | Entered Level 10 of the Dungeon
  8294 | D:10     | Found a staircase to the Orcish Mines.
  8381 | D:10     | Noticed a death yak
  8383 | D:10     | Found a staircase to the Lair.
  8383 | D:10     | Noticed a death yak
  8383 | D:10     | Noticed a death yak
  8383 | D:10     | Noticed a death yak
  8384 | D:10     | Noticed a death yak
  8384 | D:10     | Noticed a death yak
  8389 | D:10     | Noticed Snorg
  8419 | D:10     | Noticed a two-headed ogre
  8432 | D:9      | Killed a death yak
  8432 | D:9      | Reached skill level 10 in Shields
  8682 | D:10     | Killed a death yak
  8690 | D:10     | Killed a death yak
  8707 | D:10     | Killed a death yak
  8710 | D:10     | Killed Snorg
  8710 | D:10     | Reached skill level 15 in Axes
  8715 | D:10     | Killed a death yak
  8719 | D:10     | Killed a two-headed ogre
  8719 | D:10     | Reached skill level 10 in Fighting
  8735 | D:10     | HP: 2/99 [death yak (9)]
  8738 | D:10     | Killed a death yak
  8979 | D:10     | Reached XP level 12. HP: 93/106 MP: 14/14
  9350 | Lair:1   | Entered Level 1 of the Lair of Beasts
  9356 | Lair:1   | Noticed Sonja
  9371 | Lair:1   | Killed Sonja
  9379 | Lair:1   | Reached skill level 16 in Axes
  9922 | Lair:1   | Noticed an eight-headed hydra
  9933 | Lair:1   | Killed an eight-headed hydra
  9993 | Lair:1   | Noticed Harold
 10007 | Lair:1   | Killed Harold
 10609 | Lair:2   | Received a gift from Okawaru
 10617 | Lair:2   | Reached ****** piety under Okawaru
 11003 | Lair:2   | Found a blossoming altar of Fedhas.
 11264 | Lair:3   | Identified a scroll of acquirement
 11745 | Lair:3   | Found a staircase to the Shoals.
 11958 | Lair:4   | Noticed a five-headed hydra
 11969 | Lair:4   | Killed a six-headed hydra
 11969 | Lair:4   | Reached skill level 1 in Maces & Flails
 11969 | Lair:4   | Reached skill level 1 in Stealth
 12016 | Lair:4   | Reached XP level 13. HP: 81/116 MP: 15/15
 12513 | Lair:4   | Received a gift from Okawaru
 12754 | Lair:4   | Reached skill level 10 in Armour
 12951 | Lair:4   | Found a hole to the Spider Nest.
 13252 | Lair:5   | You fall through a shaft!
 13252 | Lair:6   | Entered Level 6 of the Lair of Beasts
 13279 | Lair:6   | Received a gift from Okawaru
 13279 | Lair:6   | Reached skill level 15 in Shields
 13293 | Lair:6   | Reached skill level 17 in Axes
 13355 | Lair:6   | Reached skill level 1 in Throwing
 13380 | Lair:6   | Received a gift from Okawaru
 13392 | Lair:6   | Reached XP level 14. HP: 32/127 MP: 17/17
 13414 | Lair:6   | Found a viscous altar of Jiyva.
 13415 | Lair:6   | Found a staircase to the Slime Pits.
 13452 | Lair:6   | Found a runed translucent door.
 13456 | Lair:6   | Noticed fly's ghost (journeyman DsSk)
 13469 | Lair:6   | Identified the +8 trident "Ruffuh" {drain, Stlth+}
 13539 | Lair:5   | You fall through a shaft!
 13600 | Lair:6   | Received a gift from Okawaru
 13609 | Lair:6   | Got a spiked large shield {god gift}
 13683 | Lair:6   | Identified the +8 large shield of the Final Eyes {Int+4}
                  | (Okawaru gifted it to you on level 6 of the Lair of Beasts)
 14252 | Lair:5   | Found a runed translucent door.
 14254 | Lair:5   | Noticed Jeban's ghost (journeyman OpFi)
 14272 | Lair:5   | Killed Jeban's ghost
 14557 | Lair:6   | Received a gift from Okawaru
 14912 | Lair:6   | Got an iridescent trident
 14955 | Lair:6   | Reached skill level 18 in Axes
 15077 | Lair:6   | Killed fly's ghost
 15113 | Lair:6   | Identified the +8 trident of Proximity {distort, MP-9
                  | Int+5} (You found it on level 6 of the Lair of Beasts)
 15115 | Lair:6   | Cast into level 2 of the Abyss (a distortion unwield)
 15294 | Abyss:2  | Noticed an ancient lich
 15322 | Abyss:2  | Killed from afar by an ancient lich

Skill      XL: |  1  2  3  4  5  6  7  8  9 10 11 12 13 14 |
---------------+-------------------------------------------+-----
Fighting       | 4 5 6 7 9 10 11 12 14 | 14.0
Axes           | 3 4 6 7 9 12 13 15 16 17 18 | 18.1
Shields        | 4 5 6 7 9 11 13 15 17 | 17.2
Armour         | 4 5 6 7 8 9 10 | 10.6
Dodging        | 1 2 3 |  3.9
Invocations    | 2 3 4 |  4.2
Maces & Flails | 1 3 4 |  4.0
Stealth        | 1 |  1.1
Throwing       | 1 2 |  2.0
Evocations     | |  0.2

Action                   |  1- 3 |  4- 6 |  7- 9 | 10-12 | 13-15 || total
-------------------------+-------+-------+-------+-------+-------++-------
Melee: War axe           |    73 |   189 |   271 |   508 |   563 ||  1604
       Kick              |     8 |    43 |    62 |   158 |   199 ||   470
       Flail             |       |       |       |    13 |    36 ||    49
Throw: Tomahawk          |       |     1 |       |     4 |    21 ||    26
       Javelin           |       |       |       |       |     3 ||     3
Invok: Heroism           |       |       |     3 |     9 |    13 ||    25
       Finesse           |       |       |       |     1 |     2 ||     3
Evoke: Wand              |       |       |       |     4 |       ||     4
  Use: Scroll            |     5 |     9 |     6 |    11 |     4 ||    35
       Potion            |     3 |       |       |     1 |       ||     4
  Eat: Chunk             |       |     6 |     4 |     7 |     8 ||    25
       Ration            |       |     1 |     2 |     3 |     1 ||     7
Armor: Scale mail        |    38 |     9 |       |       |       ||    47
       Chain mail        |       |    94 |    99 |   160 |   209 ||   562
Dodge: Dodged            |    29 |    43 |    55 |   109 |   122 ||   358
Block: Shield            |    29 |   106 |   157 |   356 |   273 ||   921
       Reflection        |       |     2 |    15 |    25 |     2 ||    44
       Large shield      |       |       |       |       |   354 ||   354
